 Dungeon Crawl Stone Soup version 0.30.1-11-g7821555f0a (webtiles) character file.

Game seed: 18237175040585259123

22563 comborobin the Severer (level 13, -1/106 (117) HPs)
             Began as a Hill Orc Delver on Dec 24, 2023.
             Was a Priest of Cheibriados.
             Killed by divine providence
             ... invoked by a meliai
              (13 damage)
             ... while paralysed by an orc sorcerer
             ... on level 13 of the Dungeon.
             The game lasted 00:24:51 (16717 turns).

comborobin the Severer (Hill Orc Delver)           Turns: 16717, Time: 00:24:51

HP:   -1/106 (117)  AC: 24    Str: 28    XL:     13   Next: 1%
MP:   17/17         EV:  2    Int: 18    God:    Cheibriados [***...]
Gold: 962           SH:  0    Dex: 20    Spells: 12/12 levels left

rFire   + . .        a - +1 battleaxe
rCold   . . .        (shield currently unavailable)
rNeg    . . .        j - +0 plate armour
rPois   +            p - +1 helmet {SInv}
rElec   .            Z - +0 cloak
rCorr   .            o - +0 pair of gloves
SInv    +            B - +1 pair of boots
Will    .....        w - amulet of the acrobat Stlth
                     h - ring of poison resistance
HPRegen 0.37/turn    m - ring of protection from fire
MPRegen 0.15/turn

%: acrobat
@: paralysed, lethally poisoned (-1 -> -17), drained, very slow
A: robust 1, MP-powered wands
a: Renounce Religion, Bend Time, Temporal Distortion


You were on level 13 of the Dungeon.
You worshipped Cheibriados.
Cheibriados was most pleased with you.
You visited 3 branches of the dungeon, and saw 16 of its levels.

You collected 1449 gold pieces.
You spent 487 gold pieces at shops.

Inventory:

Hand Weapons
 a - a +1 battleaxe (weapon)
 k - a +2 dire flail of holy wrath
 l - a +1 hand axe of flaming
 v - a +0 glaive
 K - a +3 hand axe of freezing
 Q - a +2 glaive of pain
Missiles
 d - 20 boomerangs
 F - 4 silver javelins
 H - a curare-tipped dart (quivered)
Armour
 j - a +0 plate armour (worn)
 o - a +0 pair of gloves (worn)
 p - a +1 helmet of see invisible (worn)
 B - a +1 pair of boots (worn)
 I - the +0 robe of Mirth {rF+ Will+ rCorr SInv}
   (You found it on level 7 of the Dungeon)

   rF:        It protects you from fire.
   SInv:      It lets you see invisible.
   rCorr:     It protects you from acid and corrosion.
   Will:      It increases your willpower.
 R - a +2 robe of cold resistance
 S - +0 acid dragon scales
 W - a +3 ring mail of cold resistance
 Z - a +0 cloak (worn)
Jewellery
 h - a ring of poison resistance (left hand)
 m - a ring of protection from fire (right hand)
 t - a ring of willpower
 w - an amulet of the acrobat (around neck)
 P - the ring of Kanesh {rPois rC- Int+6 Stlth+}
   (You found it on level 10 of the Dungeon)

   [ring of intelligence]

   Int:       It affects your intelligence (+6).
   rC:        It makes you vulnerable to cold.
   rPois:     It protects you from poison.
   Stlth:     It makes you more stealthy.
 U - a ring of flight
Wands
 b - a wand of digging (3)
 q - a wand of polymorph (7)
 O - a wand of charming (2)
Scrolls
 c - 2 scrolls of fog
 g - 13 scrolls of identify
 r - a scroll of magic mapping
 s - a scroll of silence
 D - 2 scrolls of poison
 E - 2 scrolls of blinking
 J - a scroll of fear
 M - 2 scrolls of enchant armour
 N - a scroll of amnesia {unknown}
 T - a scroll of summoning {unknown}
 X - a scroll of acquirement {unknown}
 Y - a scroll of noise {unknown}
Potions
 e - 2 potions of magic
 f - 2 potions of haste
 n - a potion of heal wounds
 u - a potion of resistance
 x - a potion of brilliance
 z - 2 potions of curing
 A - a potion of lignification
 L - a potion of flight


   Skills:
 - Level 7.6 Fighting
 - Level 19.8(20.0) Axes
 - Level 3.3(11.5) Maces & Flails
 + Level 13.2 Armour
 - Level 2.0 Dodging
 - Level 4.1 Stealth
 - Level 6.0 Invocations


You had 12 spell levels left.
You didn't know any spells.
Your spell library contained the following spells:

 Spells                   Type           Power      Damage    Failure   Level
 Foxfire                  Conj/Fire      0%         2x1d4     83%         1
 Cigotuvi's Dreadful Rot  Necr/Pois/Air  0%         N/A       92%         2
 Lesser Beckoning         Tloc           0%         N/A       92%         2
 Gell's Gravitas          Tloc           0%         N/A       99%         3
 Ignite Poison            Fire/Tmut/Pois 0%         N/A       99%         3
 Portal Projectile        Hex/Tloc       0%         N/A       99%         3
 Stone Arrow              Conj/Erth      0%         3d7       99%         3
 Teleport Other           Tloc           0%         N/A       99%         3
 Tukima's Dance           Hex            0%         N/A       99%         3
 Animate Armour           Summ/Erth      0%         N/A       100%        4
 Dispel Undead            Necr           0%         3d6       100%        4
 Leda's Liquefaction      Hex/Erth       0%         N/A       100%        4
 Sticky Flame             Conj/Fire      0%         2d3       100%        4
 Blade Hands              Tmut           0%         N/A       100%        5
 Fireball                 Conj/Fire      0%         3d3       100%        5
 Lee's Rapid Deconstruct  Erth           0%         3d4*      100%        5
 Death Channel            Necr           0%         N/A       100%        6
 Plasma Beam              Fire/Air       0%         2x1d11    100%        6
 Starburst                Conj/Fire      0%         6d3       100%        6
 Statue Form              Tmut/Erth      0%         N/A       100%        6
 Ignition                 Fire           0%         3d3       100%        8
 Lehudib's Crystal Spear  Conj/Erth      0%         10d2      100%        8


Dungeon Overview and Level Annotations

Branches:
Dungeon (13/15)            Temple (1/1) D:4            Lair (0/5) D:11
    Orc (2/2) D:11            Elf (0/3) Orc:2
 Vaults: D:13-14

Altars:
Ashenzari
Cheibriados
Dithmenos
Elyvilon
Fedhas
Gozag
Hepliaklqana
Kikubaaqudgha
Nemelex Xobeh
Okawaru
Qazlal
Ru
Sif Muna
Trog
Uskayaw
Vehumet
Wu Jian
Xom
Yredelemnul
Zin
The Shining One
Beogh

Shops:
D:11 ![*?   Orc:1 :   Orc:2 !*[!?

Annotations:
D:9 3 runed translucent doors, exclusion: statue, leoleoleoleo212121's ghost, journeyman HuHu
D:10 4 transporters
Orc:1 2 transporters, tmcgee265's ghost, journeyman FoEE
Orc:2 2 transporters


Innate Abilities, Weirdness & Mutations

You are robust. (+10% HP)
You expend magic power (3 MP) to strengthen your wands.


Message History

The meliai hits you but does no damage.
You feel drained.
The meliai stings you but does no damage.
The meliai hits you with a +0 hand axe!
The meliai stings you but does no damage.
The meliai barely misses you.
The meliai stings you but does no damage.
The meliai hits you but does no damage.
The meliai stings you but does no damage.
The meliai hits you with a +4 war axe of draining!
You feel drained. The meliai stings you. The meliai barely misses you.
The meliai stings you but does no damage.
The meliai hits you with a +0 hand axe.
The meliai stings you but does no damage.
The ynoxinul gestures.
The meliai hits you with a +0 hand axe. The meliai stings you.
The meliai barely misses you.
The meliai stings you but does no damage.
The meliai hits you with a +4 war axe of draining.
You feel drained.
The meliai stings you but does no damage.
The meliai hits you with a +4 war axe of draining!
* * * LOW HITPOINT WARNING * * *
You feel drained.
* * * LOW HITPOINT WARNING * * *
The meliai stings you.
* * * LOW HITPOINT WARNING * * *
The meliai hits you but does no damage.
The meliai stings you but does no damage.
The meliai hits you with a +0 hand axe!
* * * LOW HITPOINT WARNING * * *
The meliai stings you.
* * * LOW HITPOINT WARNING * * *
You are lethally poisoned!
The meliai poisons you!
The ynoxinul gestures.
* * * LOW HITPOINT WARNING * * *
You feel very sick.
The meliai calls down the wrath of its god upon you.
Something smites you!
You die...

#.......>.....#
#.............#
#.............#
#.............#
..........#
#.............#
..........#
#.............#
..........#
#.............#
..........#
#.y...........#
..........#
#.@y..........#
..........#
#.y############
..........# #oo# #...
..........# #o.# 8..8.
.......#..#####3.#......
.......#......55oooooo.3
.......#.......5.#...o.o
.......#..####...##8..8.
.......#..# #...# ##...


You could see a ynoxinul (summoned), an orc sorcerer, 3 meliai, 2 orc wizards, 2
orcs and 3 ufetubi.

Vanquished Creatures
  2 ettins
  Josephine (D:12)
  2 dancing weapons (D:13)
  2 two-headed ogres
  2 orc knights (Orc:2)
  An ugly thing (D:12)
  An orc sorcerer (Orc:1)
  A cyclops (D:12)
  Joseph (D:10)
  A gargoyle (D:10)
  2 unseen horrors
  A kobold demonologist (D:9)
  4 trolls
  A troll (shapeshifter) (D:13)
  A hornet (D:8)
  20 yaks
  7 wraiths
  2 wyverns
  Menkaure (D:4)
  4 vampire mosquitoes (D:12)
  2 steam dragons (D:9)
  A warg (Orc:1)
  A water moccasin (D:7)
  2 acid dragons
  An ice beast (D:8)
  30 orc warriors
  A sky beast (D:7)
  5 black bears
  An ogre (Orc:2)
  A phantom (D:5)
  16 centaurs
  A kobold brigand (D:7)
  3 bullfrogs
  A scorpion (D:6)
  9 wights
  8 killer bees
  13 orc priests
  4 hounds (D:5)
  A jelly (D:7)
  An iguana (D:5)
  22 orc wizards
  Robin (D:4)
  3 adders
  4 gnolls
  A river rat (D:4)
  A shadow imp (D:5)
  A white imp (D:8)
  3 worms
  2 dart slugs
  58 orcs
  5 ball pythons
  7 endoplasms
  6 giant cockroaches
  13 goblins
  3 hobgoblins
  10 jackals
  5 quokkas
  10 bats
  3 frilled lizards
  5 kobolds
  4 rats
326 creatures vanquished.

Vanquished Creatures (collateral kills)
  A centaur warrior (Orc:2)
  A cyclops (D:11)
  3 orc warriors
  3 orcs
8 creatures vanquished.

Vanquished Creatures (others)
  An orc warrior (Orc:2)
  An orc wizard (Orc:2)
  2 orcs (Orc:2)
4 creatures vanquished.

Grand Total: 338 creatures vanquished

Notes
Turn   | Place    | Note
-------+----------+-------------------------------------------
     0 | D:5      | comborobin the Hill Orc Delver began the quest for the Orb.
     0 | D:5      | Reached XP level 1. HP: 19/19 MP: 1/1
    65 | D:5      | Noticed a phantom
    78 | D:5      | Noticed an iguana
    79 | D:5      | Noticed an ogre
   100 | D:5      | Noticed a hound
   242 | D:3      | Found a shimmering blue altar of Sif Muna.
   320 | D:3      | Reached XP level 2. HP: 23/26 MP: 2/2
   343 | D:3      | HP: 1/26 [orc/+0 club (3)]
   477 | D:4      | Reached skill level 1 in Axes
   495 | D:4      | Noticed a black bear
   500 | D:4      | Found a staircase to the Ecumenical Temple.
   550 | Temple   | Entered the Ecumenical Temple
   616 | Temple   | Became a worshipper of Cheibriados the Contemplative
   728 | D:3      | Reached XP level 3. HP: 26/31 MP: 3/3
   837 | D:1      | Reached skill level 2 in Axes
   922 | D:1      | Found a faded altar of an unknown god.
  1347 | D:1      | Reached * piety under Cheibriados
  1357 | D:1      | Reached skill level 3 in Axes
  1576 | D:1      | Reached XP level 4. HP: 19/39 MP: 4/4
  1690 | D:1      | Reached skill level 4 in Axes
  1849 | D:2      | Reached skill level 1 in Armour
  2076 | D:2      | Reached skill level 1 in Invocations
  2288 | D:2      | Reached XP level 5. HP: 44/45 MP: 5/5
  2839 | D:3      | Reached ** piety under Cheibriados
  2907 | D:3      | Found a broken altar of Ashenzari.
  3727 | D:4      | Noticed Robin
  4352 | D:4      | Noticed Menkaure
  4361 | D:4      | Killed Menkaure
  4361 | D:4      | Reached *** piety under Cheibriados
  4362 | D:4      | Reached XP level 6. HP: 31/51 MP: 6/8
  4522 | D:4      | Killed Robin
  4630 | D:4      | Found an ornate altar of the Wu Jian Council.
  5195 | D:5      | Reached skill level 5 in Armour
  5373 | D:5      | Reached XP level 7. HP: 50/58 MP: 9/9
  5596 | D:5      | Reached skill level 5 in Axes
  5883 | D:6      | Reached skill level 5 in Fighting
  5894 | D:6      | Reached skill level 6 in Axes
  5980 | D:6      | Noticed a wyvern
  5997 | D:6      | Killed a wyvern
  5998 | D:6      | Reached skill level 7 in Axes
  5998 | D:6      | Reached XP level 8. HP: 47/68 MP: 10/10
  6003 | D:6      | Found a bloodstained altar of Trog.
  6427 | D:7      | Reached skill level 8 in Axes
  6435 | D:7      | Identified the +0 robe of Mirth {rF+ Will+ rCorr SInv}
  6448 | D:7      | Reached skill level 9 in Axes
  6635 | D:7      | Reached skill level 10 in Axes
  7280 | D:7      | Reached XP level 9. HP: 62/74 MP: 10/12
  7517 | D:7      | Found a hazy altar of Hepliaklqana.
  7779 | D:8      | Reached skill level 5 in Invocations
  7782 | D:8      | Reached **** piety under Cheibriados
  8330 | D:8      | Reached skill level 11 in Axes
  8426 | D:8      | Noticed a hornet
  8427 | D:8      | Paralysed by a hornet for 2 turns
  8431 | D:8      | Killed a hornet
  8432 | D:8      | Reached skill level 12 in Axes
  8536 | D:8      | Found a white marble altar of Elyvilon.
  8754 | D:9      | Reached XP level 10. HP: 44/88 MP: 14/14
  8906 | D:9      | Reached skill level 13 in Axes
  9053 | D:9      | Noticed a kobold demonologist
  9067 | D:9      | Killed a kobold demonologist
  9071 | D:9      | Reached skill level 14 in Axes
  9360 | D:9      | Noticed a tengu warrior
  9361 | D:9      | Noticed a two-headed ogre
  9506 | D:9      | Found a runed translucent gate.
  9506 | D:9      | Found a runed translucent gate.
  9506 | D:9      | Found a runed translucent gate.
  9507 | D:9      | Noticed leoleoleoleo212121's ghost (journeyman HuHu)
  9574 | D:9      | Found a radiant altar of Vehumet.
  9621 | D:9      | Identified the +7 dire flail of Bitzot {holy, rPois Will++}
  9778 | D:10     | Entered Level 10 of the Dungeon
  9799 | D:10     | Identified the ring of Kanesh {rPois rC- Int+6 Stlth+}
  9834 | D:10     | Found a glowing golden altar of the Shining One.
  9928 | D:10     | Reached skill level 15 in Axes
 10154 | D:10     | Noticed a gargoyle
 10161 | D:10     | Killed a gargoyle
 10244 | D:10     | Found a transporter.
 10249 | D:10     | Found a transporter.
 10251 | D:10     | Found a transporter.
 10286 | D:10     | Reached XP level 11. HP: 92/93 MP: 15/15
 10304 | D:10     | Noticed Joseph
 10319 | D:10     | Killed Joseph
 10320 | D:10     | Reached skill level 16 in Axes
 10518 | D:10     | Found a transporter.
 10930 | D:11     | Noticed a two-headed ogre
 11085 | D:11     | Found Isupnuo's Distillery.
 11172 | D:11     | Bought a potion of mutation for 128 gold pieces
 11172 | D:11     | Gained mutation: You are dopey. (Int -2) [potion of
                  | mutation]
 11172 | D:11     | Gained mutation: You have a pair of small horns on your
                  | head. [potion of mutation]
 11172 | D:11     | Gained mutation: You have sharp fingernails. [potion of
                  | mutation]
 11173 | D:11     | Bought a potion of mutation for 128 gold pieces
 11173 | D:11     | Lost mutation: You have a pair of small horns on your head.
                  | [potion of mutation]
 11173 | D:11     | Lost mutation: You have sharp fingernails. [potion of
                  | mutation]
 11173 | D:11     | Lost mutation: You are dopey. (Int -2) [potion of mutation]
 11173 | D:11     | Gained mutation: You expend magic power (3 MP) to
                  | strengthen your wands. [potion of mutation]
 11173 | D:11     | Gained mutation: You are robust. (+10% HP) [potion of
                  | mutation]
 11280 | D:11     | Found a staircase to the Lair.
 11320 | D:11     | Noticed a cyclops
 11329 | D:11     | Killed a cyclops
 11340 | D:11     | Killed a two-headed ogre
 11341 | D:11     | Reached skill level 17 in Axes
 11527 | D:11     | Found Yroch's Armour Shop.
 11532 | D:11     | Bought a +1 helmet of see invisible for 231 gold pieces
 11631 | D:11     | Found Maixkut's Magic Scroll Emporium.
 11760 | D:11     | Found Hougeg's General Store.
 11777 | D:11     | Found a staircase to the Orcish Mines.
 11901 | Orc:1    | Entered Level 1 of the Orcish Mines
 12012 | Orc:1    | Found a roughly hewn altar of Beogh.
 12138 | Orc:1    | Found a transporter.
 12139 | Orc:1    | Found a transporter.
 12161 | Orc:1    | Noticed a moth of wrath
 12172 | Orc:1    | Noticed tmcgee265's ghost (journeyman FoEE)
 12172 | Orc:1    | Noticed an orc knight
 12174 | Orc:1    | Found a bloodstained altar of Trog.
 12174 | Orc:1    | Noticed an orc knight
 12289 | Orc:1    | Reached ***** piety under Cheibriados
 12454 | Orc:1    | Noticed an ettin
 12533 | Orc:1    | Found Taiheis's Book Shoppe.
 12540 | Orc:1    | Noticed an orc sorcerer
 12545 | Orc:1    | Killed an ettin
 12546 | Orc:1    | Reached skill level 18 in Axes
 12552 | Orc:1    | Killed an orc sorcerer
 12935 | Orc:2    | Entered Level 2 of the Orcish Mines
 12940 | Orc:2    | Noticed a centaur warrior
 13808 | Orc:2    | Noticed an orc knight
 13926 | Orc:1    | Reached skill level 19 in Axes
 14378 | Orc:2    | Noticed an orc knight
 14387 | Orc:2    | Killed an orc knight
 14388 | Orc:2    | Reached XP level 12. HP: 92/111 MP: 4/16
 14397 | Orc:2    | Killed a centaur warrior
 14697 | Orc:2    | Noticed an ettin
 14707 | Orc:2    | Killed an ettin
 14883 | Orc:2    | Reached skill level 10 in Armour
 15018 | Orc:2    | Found a staircase to the Elven Halls.
 15072 | Orc:2    | Found a transporter.
 15074 | Orc:2    | Found Haosot's Magic Scroll Boutique.
 15094 | Orc:2    | Found a transporter.
 15094 | Orc:2    | Noticed a two-headed ogre
 15149 | Orc:2    | Found Yrphestruigg's Armour Emporium.
 15149 | Orc:2    | Found Paiv's General Store.
 15151 | Orc:2    | Found Femonidd's Distillery.
 15153 | Orc:2    | Found Goze Voe's Distillery.
 15446 | D:12     | Noticed a two-headed ogre
 15462 | D:12     | Killed a two-headed ogre
 15911 | D:12     | Noticed Josephine
 15918 | D:12     | Killed Josephine
 16171 | D:13     | Found a runed translucent door.
 16203 | D:13     | Noticed a death knight
 16236 | D:13     | Noticed a two-headed ogre
 16240 | D:13     | Reached XP level 13. HP: 49/117 MP: 10/17
 16713 | D:13     | Paralysed by an orc sorcerer for 5 turns
 16717 | D:13     | Killed from afar by a meliai

Illustrated notes

Levels and vault maps discovered:
D:1:      amcnicky_arrival_double_pillar, layout_rooms,
          dreamdust_ecumenical_altar_statues
D:2:      layout_loops_ring, chequers_serial_rivers_micro_c,
          kennysheep_nondescript, kennysheep_generic_room_7
D:3:      layout_basic, mainiacjoe_overflow_surrounded_room,
          kennysheep_orc_sif_temple, minmay_misc_feat_columns
D:4:      layout_basic, pdpol_wu_jian_five_deadly_venoms, temple_doors_cd,
          portal_sewer_entry_b, moated_statue, uniq_robin, uniq_menkaure
D:5:      layout_loops_ring
D:6:      layout_rooms, mainiacjoe_overflow_small_starburst,
          kennysheep_generic_room_3
D:7:      layout_basic, lemuel_doored_altar, minmay_fractal_squares_gapless_5
D:8:      layout_gridville, elyvilon_altar_3, minivault_24,
          kennysheep_another_room
D:9:      layout_irregular_city, vehumet_statue, gammafunk_ghost_spectres,
          onia_ninara_dug_in_and_dangerous
D:10:     layout_roguey, kennysheep_mini, nicolae_diode_quadrants, uniq_joseph
D:11:     layout_long_grid, dpeg_oklobed_lair, orc_0_dummy, serial_shops,
          kennysheep_little_box, shop, shop, shop
D:12:     nicolae_whirlpool, layout_long_grid, uniq_josephine
D:13:     layout_long_grid, erik_vaults_1, chequers_serial_rivers_micro_a,
          lightli_church_of_beogh
Temple:   nicolae_temple_superstar
Orc:1:    layout_diamond_mine, serial_shops, shop,
          gammafunk_ghost_wrathful_warriors, basic_altar
Orc:2:    st_orc_rangers, layout_caves, serial_shops, nicolae_shop_drivethru

Skill      XL: |  1  2  3  4  5  6  7  8  9 10 11 12 |
---------------+-------------------------------------+-----
Maces & Flails | 3 |  3.3
Axes           | 1 3 4 7 10 12 15 19 | 19.8
Armour         | 1 4 5 6 8 13 | 13.2
Invocations    | 1 3 4 6 |  6.0
Fighting       | 5 7 |  7.6
Dodging        | 2 |  2.0
Stealth        | |  4.1

Action                     |  1- 3 |  4- 6 |  7- 9 | 10-12 | 13-15 || total
---------------------------+-------+-------+-------+-------+-------++-------
  Melee: Mace              |    24 |       |       |       |       ||    24
         Hand axe          |    83 |   142 |    71 |       |       ||   296
         Flail             |     1 |       |       |       |       ||     1
         Unarmed           |       |     3 |       |       |       ||     3
         Punch             |       |     1 |       |       |       ||     1
         Halberd           |       |    38 |    35 |       |       ||    73
         Dire flail        |       |       |    62 |       |       ||    62
         Battleaxe         |       |       |    32 |   375 |       ||   407
  Throw: Dart              |       |       |       |     5 |       ||     5
         Boomerang         |       |       |       |     3 |       ||     3
 Invoke: Slouch            |       |       |     1 |     9 |       ||    10
         Temporal Distorti |       |       |       |     5 |       ||     5
  Evoke: Wand              |     3 |       |     8 |    21 |       ||    32
    Use: Scroll            |     6 |     7 |     1 |     2 |     2 ||    18
         Potion            |       |     3 |     9 |     7 |       ||    19
   Stab: Sleeping          |     3 |     4 |     5 |       |       ||    12
         Invisible         |       |       |       |     7 |       ||     7
 Armour: Leather armour    |     3 |       |       |       |       ||     3
         Ring mail         |    46 |    67 |    44 |       |       ||   157
         Skin              |       |     1 |       |       |       ||     1
         Plate armour      |       |       |    83 |   309 |    18 ||   410
  Dodge: Dodged            |    95 |   164 |   164 |   455 |    24 ||   902
